Map: Moonlight Madness LE (Void)

Players

Raperunski

  • Race: Terran Terran
  • League: Bronze

wabbajack - Winner!

  • Race: Zerg Zerg
  • League: Gold

VOD

Have the link to the VOD?

Description

Time

  • Played on: July 19, 2015, 7:50 p.m.
  • Length: 6:25
Show
View Real Time Build Order
Export as new Build Order

Raperunski Terran 

Build Orders: Cyclone Opening 

Get SALT Encoding   

  12  0:02  SCV  
  13  0:14  SCV  
  13  0:18  Supply Depot  
  14  0:27  SCV  
  15  0:40  SCV  
  16  0:45  Refinery, Barracks  
  16  0:52  SCV  
  17  1:04  SCV  
  18  1:16  SCV  
  19  1:26  Supply Depot  
  19  1:28  SCV  
  20  1:40  SCV  
  20  1:43  Marine  
  20  1:46  Factory  
  22  1:52  Refinery, Orbital Command  
  22  2:09  Barracks Tech Lab  
  22  2:27  SCV  
  23  2:40  Command Center  
  23  2:42  Cyclone  
  23  2:43  Marine  
  27  2:45  SCV  
  28  2:52  Barracks  
  28  2:57  SCV  
  29  3:03  Marine  
  30  3:09  SCV  
  31  3:18  Supply Depot  
  31  3:24  Cyclone, Marine  
  35  3:30  SCV  
  36  3:35  Supply Depot  
  36  3:39  Starport  
  36  3:41  Marine  
  36  3:42  Barracks Tech Lab  
  36  3:43  SCV  
  38  3:55  Orbital Command  
  38  3:57  SCV  
  39  4:03  Cyclone  
  42  4:10  SCV  
  42  4:11  Marine  
  42  4:15  Marine  
  31  4:32  Marine  
  32  4:48  Marine  
  32  4:51  SCV  
  32  4:52  Banshee, Orbital Command, Marine  
  8  5:37  SCV x2  
  9  5:49  SCV, Hellion, Marine x2  
  14  6:04  SCV  
  14  6:05  SCV  
Show
View Real Time Build Order
Export as new Build Order

wabbajack Zerg - Winner!

Build Orders: Hatch First, Zergling Baneling 

Get SALT Encoding   

  12  0:01  Drone  
  13  0:15  Overlord  
  13  0:19  Drone  
  14  0:24  Extractor  
  14  0:25  Drone  
  15  0:34  Drone  
  16  0:38  Drone  
  17  0:50  Drone  
  18  0:58  Hatchery  
  18  1:02  Extractor  
  18  1:04  Drone, Extractor  
  16  1:10  Drone  
  17  1:22  Spawning Pool  
  16  1:32  Drone x2  
  18  1:43  Drone  
  19  1:57  Overlord  
  19  2:08  Drone  
  20  2:09  Queen  
  20  2:10  Metabolic Boost  
  22  2:16  Zergling x2  
  23  2:24  Pneumatized Carapace  
  23  2:30  Baneling Nest  
  22  2:43  Zergling x2  
  24  2:44  Zergling x2  
  24  2:45  Zergling x2  
  25  3:03  Zergling x4  
  27  3:11  Zergling x4  
  29  3:14  Baneling  
  29  3:15  Baneling  
  29  3:24  Queen  
  31  3:27  Drone  
  31  3:28  Drone x2  
  34  3:37  Baneling  
  34  3:38  Baneling x4  
  34  3:42  Baneling  
  34  3:50  Zergling x4  
  34  3:52  Overlord  
  32  4:28  Drone  
  32  4:29  Drone x9  
  26  4:57  Roach Warren  
  26  4:59  Zergling x20  
  36  5:00  Zergling x2  
  25  5:40  Drone x3  
  28  5:49  Hatchery  
  27  5:55  Hatchery  
  26  5:58  Zergling x2  
Tags
 
Add a new tag
Caveats
  • Supply blocks, unpowered buildings, or Contaminate may cause inaccurate times.
  • Supply counts are checked every 10 seconds.